 Dungeon Crawl Stone Soup version 0.31.0-4-g52a2dc7128 (webtiles) character file.

Game seed: 15974163811215076152

37 Colgate the Sneak (level 3, 0/19 HPs)
             Began as a Vampire Fire Elementalist on Jan 22, 2024.
             Was an Initiate of Ru.
             Slain by a goblin
             ... wielding a +0 dagger
             ... led by Robin
              (3 damage)
             ... on level 2 of the Dungeon.
             The game lasted 00:10:35 (974 turns).

Colgate the Sneak (Vampire Fire Elementalist)        Turns: 974, Time: 00:10:35

Health: 0/19       AC:  3    Str:  7    XL:     3   Next: 23%
Magic:  2/6        EV: 12    Int: 19    God:    Ru [......]
Gold:   36         SH:  0    Dex: 14    Spells: 3/6 levels left

rFire   . . .        a - +2 dagger (venom)
rCold   + + .        (no shield)
rNeg    + + +        e - +0 robe
rPois   ∞            i - +0 helmet
rElec   .            (no cloak)
rCorr   .            (no gloves)
SInv    +            (no boots)
Will    .....        (no amulet)
Stlth   ++++         (no ring)
HPRegen 0.00/turn    (no ring)
MPRegen 0.10/turn

%: no passive effects
@: bloodless, inhibited regen
A: bloodless, fangs 3, see invisible, vampiric 2
a: Bat Form, Revivify, Renounce Religion, Sacrifice an Eye, Sacrifice Love,
Sacrifice Nimbleness, Reject Sacrifices


You were on level 2 of the Dungeon.
You worshipped Ru.
Ru was noncommittal.
You visited 1 branch of the dungeon, and saw 2 of its levels.

You collected 36 gold pieces.

Inventory:

Hand Weapons
 a - a +2 dagger of venom (weapon)
Armour
 e - a +0 robe (worn)
 i - a +0 helmet (worn)
Magical Staves
 b - a staff of conjuration
Scrolls
 c - 3 scrolls of identify {unknown}
 d - a scroll of vulnerability {unknown}
 f - a scroll of teleportation {unknown}
 h - a scroll of immolation {unknown}
 m - a scroll of enchant armour {unknown}
Potions
 g - a potion of magic
 j - a potion of haste {unknown}
 k - 2 potions of brilliance {unknown}
 l - a potion of heal wounds {unknown}
 n - 2 potions of lignification {unknown}


   Skills:
 - Level 2.0 Short Blades
 - Level 2.1 Dodging
 - Level 3.0 Stealth
 - Level 2.0 Spellcasting
 - Level 0.6 Conjurations
 + Level 2.0 Hexes
 - Level 2.5 Fire Magic
 - Level 1.2 Ice Magic


You had 3 spell levels left.
You knew the following spells:

 Your Spells              Type           Power      Damage    Failure   Level
a - Foxfire               Conj/Fire      28%        2x1d5     9%          1
b - Ensorcelled Hibernat  Hex/Ice        16%        N/A       13%         2

Your spell library contained the following spells:

 Spells                   Type           Power      Damage    Failure   Level
 Scorch                   Fire           22%        2d5       9%          2
 Inner Flame              Hex/Fire       10%        N/A       21%         3
 Ozocubu's Armour         Ice            6%         N/A       30%         3
 Volatile Blastmotes      Fire/Tloc      12%        2d11      30%         3
 Fugue of the Fallen      Necr           1%         N/A       45%         3
 Flame Wave               Conj/Fire      7%         2d5       65%         4
 Anguish                  Hex/Necr       2%         N/A       73%         4
 Manifold Assault         Tloc           1%         N/A       86%         4


Dungeon Overview and Level Annotations

Branches:
Dungeon (2/15)

Altars:
Ru


Innate Abilities, Weirdness & Mutations

You do not regenerate when monsters are visible.
You are frail without blood (-20% HP).
You can heal yourself when you bite living creatures.
You are immune to poison.
You have razor-sharp teeth.
You have supernaturally acute eyesight. (SInv)
You are afflicted with vampirism and can become a bat while bloodless.


Message History

The hobgoblin shouts!
You hit the adder.
You hear a shout!
The goblin hits you but does no damage. The adder bites you but does no damage.
You hit the adder. The adder barely misses you. The goblin closely misses you.
You barely miss the adder. The adder bites you. The adder closely misses you.
Your magical contamination has completely faded away.
You barely miss the adder. The goblin barely misses you.
The adder closely misses you. The goblin hits you with a +0 dagger.
You closely miss the adder. The adder closely misses you.
The goblin hits you but does no damage. The goblin hits you with a +0 dagger.
You hit the adder.
The adder is poisoned.
You kill the adder!
The goblin hits you with a +0 dagger.
Your Ice Magic skill increases to level 1!
You have reached level 3!
Your experience leads to an increase in your attributes!
Increase (S)trength, (I)ntelligence, or (D)exterity?
You feel clever. x2
You can now turn into a vampire bat when bloodless.
The hobgoblin attacks as it pursues you!
The hobgoblin completely misses you. The goblin closely misses you.
The goblin attacks as it pursues you! The goblin barely misses you.
The goblin hits you with a +0 dagger.
The goblin unwields a +0 dagger.
The goblin wields a +0 sling.
The goblin shoots a sling bullet.
The sling bullet hits you.
* * * LOW HITPOINT WARNING * * *
The goblin shoots a sling bullet.
The sling bullet misses you. The goblin attacks as it pursues you!
The goblin hits you with a +0 dagger.
* * * LOW HITPOINT WARNING * * *
The goblin attacks as it pursues you! The goblin closely misses you.
You aren't carrying any items that you can evoke.
Unknown command.
Unknown command.
Casting: Ensorcelled Hibernation (safe; 13% risk of failure)
You conjure some foxfire!
The goblin barely misses you.
Your foxfire dissipates!
The goblin attacks as it pursues you! The goblin hits you with a +0 dagger.
You die...

....####.........# ....#
#.........# ....#
#.........# ....#
#.........# ....#
#.........# # ....#
#........g# # ....#
#########.# #######
....# #g# #...... .####
#######@##########.####.
..
....................###.
#
#######.##########..#...
................##..#.#.
.######....####.##..#.#.
##......#.##..#.##
#.#.##.#.##..#.#
#.#.##.#.##..#.#
#.#....#.##..#.#


You could see a hobgoblin and a goblin.

Vanquished Creatures
  An adder (D:2)
  A dart slug (D:1)
  3 endoplasms
  7 giant cockroaches
  2 goblins (D:1)
  A hobgoblin (D:1)
  5 ball pythons
  A bat (D:1)
  3 kobolds (D:1)
24 creatures vanquished.

Vanquished Creatures (others)
  4 foxfires (D:1)
4 creatures vanquished.

Grand Total: 28 creatures vanquished

Notes
Turn   | Place    | Note
-------+----------+-------------------------------------------
     0 | D:1      | Colgate the Vampire Fire Elementalist began the quest for
                  | the Orb.
     0 | D:1      | Reached XP level 1. HP: 13/13 MP: 3/3
   254 | D:1      | Found a faded altar of an unknown god.
   259 | D:1      | Reached skill level 1 in Short Blades
   265 | D:1      | Prayed at the altar of an unknown god.
   265 | D:1      | Became a worshipper of Ru the Awakened
   317 | D:1      | Reached XP level 2. HP: 14/15 MP: 5/5
   500 | D:1      | Learned a level 2 spell: Ensorcelled Hibernation
   730 | D:2      | Reached skill level 1 in Hexes
   958 | D:2      | Reached skill level 1 in Ice Magic
   958 | D:2      | Gained mutation: You are afflicted with vampirism and can
                  | become a bat while bloodless. [Vampire growth]
   958 | D:2      | Reached XP level 3. HP: 10/19 MP: 1/6
   974 | D:2      | Slain by a goblin

Illustrated notes

Levels and vault maps discovered:
D:1:      dpeg_arrival_simpleton_b, layout_basic,
          hellmonk_ecumenical_altar_crossroads
D:2:      layout_basic, minmay_worlds_worst_comb, uniq_robin

Skill      XL: |  1  2 |
---------------+-------+-----
Short Blades   | 1 2 |  2.0
Hexes          | 2 |  2.0
Ice Magic      | 1 |  1.2
Dodging        | |  2.1
Stealth        | |  3.0
Spellcasting   | |  2.0
Conjurations   | |  0.6
Fire Magic     | |  2.5

Action                     || total
---------------------------++-------
  Melee: Dagger            ||    35
         Bite              ||     4
   Cast: Foxfire           ||     3
         Ensorcelled Hiber ||     3
Ability: Exsanguinate      ||     1
   Stab: Sleeping          ||    16
 Armour: Robe              ||    18
  Dodge: Dodged            ||    26
